 Dungeon Crawl Stone Soup version 0.31-a0-664-g902f515a81 (webtiles) character file.

Game seed: 799681186582624306

20769 pokeman the Eclecticist (level 12, -1/64 HPs)
             Began as a Deep Elf Hedge Wizard on Sept 1, 2023.
             Was a Priest of Vehumet.
             Slain by a wyvern (11 damage)
             ... on level 8 of the Dungeon on Sept 2, 2023.
             The game lasted 00:43:54 (17331 turns).

pokeman the Eclecticist (Deep Elf Hedge Wizard)    Turns: 17331, Time: 00:43:55

Health: -1/64      AC: 10    Str:  7    XL:     12   Next: 48%
Magic:  29/34      EV: 13    Int: 31    God:    Vehumet [***...]
Gold:   470        SH:  0    Dex: 14    Spells: 19/44 levels left

rFire   . . .        e - +2 war axe (elec)
rCold   . . .        (no shield)
rNeg    . . .        f - +0 steam dragon scales
rPois   .            x - +0 helmet
rElec   .            w - +0 cloak
rCorr   .            m - +0 pair of gloves
SInv    .            G - +0 pair of boots
Will    +....        (no amulet)
Stlth   +            n - +6 ring of intelligence
HPRegen 0.30/turn    o - ring of flight
MPRegen 0.24/turn

%: no passive effects
@: confused, on blink cooldown, flying
A: no striking features
a: Renounce Religion


You were on level 8 of the Dungeon.
You worshipped Vehumet.
Vehumet was most pleased with you.
You visited 3 branches of the dungeon, and saw 15 of its levels.

You collected 896 gold pieces.
You spent 426 gold pieces at shops.

Inventory:

Hand Weapons
 e - a +2 war axe of electrocution (weapon)
Missiles
 v - 2 throwing nets
 U - a curare-tipped dart
Armour
 f - +0 steam dragon scales (worn)
 h - a +0 leather armour of cold resistance
 m - a +0 pair of gloves (worn)
 w - a +0 cloak (worn)
 x - a +0 helmet (worn)
 F - a +0 ring mail of fire resistance
 G - a +0 pair of boots (worn)
 K - a +2 leather armour of willpower
 P - a +2 buckler
Magical Staves
 J - a staff of fire
Jewellery
 n - a +6 ring of intelligence (left hand)
 o - a ring of flight (right hand)
Wands
 a - a wand of charming (5)
 b - a wand of mindburst (12)
 z - a wand of acid (11)
 W - a wand of roots (4)
Scrolls
 g - 16 scrolls of teleportation
 j - a scroll of amnesia
 s - 3 scrolls of revelation
 M - 2 scrolls of blinking
 V - a scroll of torment
 X - a scroll of enchant weapon {unknown}
Potions
 c - 2 potions of heal wounds
 d - a potion of magic
 i - a potion of invisibility {unknown}
 k - 9 potions of curing
 p - 3 potions of haste
 r - 3 potions of degeneration {unknown}
 t - a potion of attraction {unknown}
 B - a potion of mutation {unknown}
 L - a potion of might {unknown}
 N - a potion of enlightenment {unknown}
 Q - a potion of ambrosia {unknown}
 R - a potion of resistance {unknown}
Miscellaneous
 T - a tin of tremorstones (2/2)


   Skills:
 - Level 3.0 Fighting
 + Level 4.5 Armour
 - Level 3.0 Dodging
 - Level 3.1 Stealth
 - Level 4.0 Shields
 * Level 16.6 Spellcasting
 + Level 9.9 Conjurations
 - Level 1.1 Summonings
 - Level 1.1 Translocations
 - Level 1.0 Transmutations
 + Level 9.3 Fire Magic
 - Level 2.1 Air Magic
 + Level 7.0 Earth Magic
 - Level 2.0 Poison Magic
 - Level 1.0 Evocations


You had 19 spell levels left.
You knew the following spells:

 Your Spells              Type           Power      Damage    Failure   Level
a - Magic Dart            Conj           100%       1d8       1%          1
b - Mephitic Cloud        Conj/Pois/Air  53%        N/A       1%          3
c - Call Imp              Summ           64%        N/A       1%          2
d - Blink                 Tloc           64%        N/A       1%          2
e - Foxfire               Conj/Fire      100%       2x1d9     1%          1
f - Irradiate             Conj/Tmut      28%        3d21      1%          5
g - Lee's Rapid Deconstr  Erth           31%        3d16*     1%          5
h - Leda's Unmaking       Conj/Erth      33%        9d6       2%          6

Your spell library contained the following spells:

 Spells                   Type           Power      Damage    Failure   Level
 Searing Ray              Conj           100%       2d8       1%          2
 Slow                     Hex            100%       N/A       1%          1
 Cigotuvi's Dreadful Rot  Necr/Pois/Air  68%        N/A       1%          2
 Wereblood                Tmut           32%        N/A       1%          2
 Ignite Poison            Fire/Tmut/Pois 50%        N/A       1%          3
 Sticky Flame             Conj/Fire      71%        2d8       1%          4
 Gell's Gravitas          Tloc           32%        N/A       3%          3
 Leda's Liquefaction      Hex/Erth       23%        N/A       3%          4
 Vhi's Electric Charge    Tloc/Air       70%        N/A       9%          4
 Ignition                 Fire           35%        3d11      50%         8


Dungeon Overview and Level Annotations

Branches:
Dungeon (13/15)            Temple (1/1) D:7            Lair (1/5) D:11
    Orc (0/2) D:11
 Vaults: D:13-14

Altars:
Ashenzari
Cheibriados
Dithmenos
Elyvilon
Fedhas
Gozag
Hepliaklqana
Kikubaaqudgha
Makhleb
Nemelex Xobeh
Okawaru
Qazlal
Ru
Sif Muna
Trog
Uskayaw
Vehumet
Wu Jian
Xom
Yredelemnul
Zin
The Shining One
Ignis

Shops:
D:3 (*?   D:7 **   D:9 [

Annotations:
D:8 thirtiethelement's ghost, novice DsHu
D:12 Boulder beetle, exclusion: boulder beetle


Message History

The wyvern attacks as it pursues you! The wyvern bites you!
The bullfrog closely misses you.
The moth of wrath goads the bullfrog on!
The bullfrog goes berserk!
The bullfrog closely misses you.
The bullfrog hits you but does no damage.
The wyvern bites you.
There is a transporter, spattered with blood here.
You enter the transporter and appear at another place.
The bullfrog hits you but does no damage.
The wyvern bites you! The bullfrog completely misses you.
The wyvern bites you but does no damage.
The bullfrog barely misses you.
Unknown command.
Casting: Leda's Unmaking (dangerous; 2% risk of failure)
Confirm with . or Enter, or press ? or * to list all spells.
You blink.
The bullfrog hits you. The wyvern closely misses you. The bullfrog misses you.
Unknown command.
Casting: Blink (safe; 1% risk of failure)
Confirm with . or Enter, or press ? or * to list all spells.
Aiming: Mephitic Cloud (safe; 1% risk of failure)
Press: ? - help, Shift-Dir - straight line, f - wyvern
Aim: a wyvern (chance to affect: 77%)
The ball explodes into a vile cloud!
The stinking cloud engulfs the wyvern but does no damage.
The stinking cloud engulfs you but does no damage.
The stinking cloud engulfs the bullfrog but does no damage.
You are engulfed in noxious fumes.
You choke on the stench!
You are confused.
The bullfrog is engulfed in noxious fumes.
The bullfrog hits you.
The wyvern is engulfed in noxious fumes.
The wyvern bites you!
The bullfrog is engulfed in noxious fumes.
The bullfrog appears confused.
The bullfrog hits you!
* * * LOW HITPOINT WARNING * * *
The wyvern is engulfed in noxious fumes.
The wyvern appears confused.
The wyvern bites you!
You die...

#.##.#...y.#..Y..#.#
#...
#..#.l.#..©..##.©#.#
#...
##.#.Y##..#.FW...#.#
#...
#.#....#...#l..##.#
#.##
#(##......#....#..###.#
#..##.###..#####.#....#
##..###©####.......####
##....Fl§...#....##
#####@§☼.....####
##########


You could see a wyvern (confused) and a bullfrog (berserk, confused).

Vanquished Creatures
  Harold (Lair:1)
  A hydra (Lair:1)
  A centaur warrior (D:12)
  A two-headed ogre (D:12)
  5 skeletal warriors (D:11)
  3 ugly things
  A wolf spider (D:11)
  A cyclops (D:12)
  An elephant (D:11)
  3 cane toads (Lair:1)
  Maggie (Lair:1)
  4 komodo dragons (Lair:1)
  4 trolls
  A hornet (D:9)
  Grinder (D:3)
  3 blink frogs (Lair:1)
  Sigmund (D:4)
  A shadow (D:12)
  2 wyverns
  9 yaks
  2 basilisks
  2 vampire mosquitoes (D:11)
  2 steam dragons (D:7)
  An acid dragon (D:11)
  2 water moccasins (Lair:1)
  Duvessa (D:4)
  An ice beast (D:6)
  5 orc warriors
  4 black bears
  6 wolves (Lair:1)
  6 centaurs
  2 ogres
  Blork the orc (D:4)
  3 kobold brigands
  7 bullfrogs
  2 necrophages (D:4)
  A scorpion (D:7)
  A gnoll sergeant (D:7)
  14 wights
  Dowan (D:4)
  15 killer bees
  A howler monkey (D:6)
  2 electric eels (Lair:1)
  A human zombie (D:4)
  6 jellies
  4 hounds
  6 orc priests
  Crazy Yiuf (D:3)
  Jessica (D:3)
  An iguana (D:5)
  16 orc wizards
  Natasha (thrice) (D:4)
  A scorpion zombie (D:4)
  4 mummies (D:4)
  2 hound zombies (D:4)
  Robin (D:4)
  A howler monkey zombie (D:4)
  7 adders
  6 gnolls
  2 ufetubi
  An adder zombie (D:4)
  2 worms
  3 dart slugs
  53 orcs
  9 endoplasms
  2 giant cockroaches
  17 goblins
  6 hobgoblins
  10 jackals
  16 kobolds
  9 quokkas
  11 ball pythons
  A bat (D:1)
  8 frilled lizards
  2 rats (D:3)
  A foxfire (D:12)
341 creatures vanquished.

Vanquished Creatures (collateral kills)
  A killer bee (D:10)
  An iguana (D:7)
  3 foxfires
5 creatures vanquished.

Vanquished Creatures (others)
  A kobold demonologist (D:10)
  A killer bee (D:11)
  1350 foxfires
1352 creatures vanquished.

Grand Total: 1698 creatures vanquished

Notes
Turn   | Place    | Note
-------+----------+-------------------------------------------
     0 | D:1      | pokeman the Deep Elf Hedge Wizard began the quest for the
                  | Orb.
     0 | D:1      | Reached XP level 1. HP: 10/10 MP: 7/7
   227 | D:1      | You fall into a shaft and drop 1 floor!
   282 | D:2      | Reached XP level 2. HP: 16/16 MP: 6/9
   574 | D:2      | Reached skill level 5 in Spellcasting
   905 | D:1      | Found a faded altar of an unknown god.
   920 | D:1      | Got Plato's Anthology of the Sun
   923 | D:1      | Learned a level 1 spell: Foxfire
   930 | D:1      | Reached XP level 3. HP: 20/20 MP: 8/11
   934 | D:1      | Learned a level 3 spell: Mephitic Cloud
   937 | D:1      | Learned a level 2 spell: Call Imp
   940 | D:1      | Learned a level 2 spell: Blink
  1247 | D:1      | Reached skill level 1 in Fighting
  1547 | D:2      | Reached skill level 1 in Armour
  1613 | D:2      | Got the Treatise on Transposition
  2214 | D:3      | Reached XP level 4. HP: 21/25 MP: 8/13
  2266 | D:3      | Found Pyic Vodi's Antique Weapon Shop.
  2389 | D:3      | Found Zugerooc's Assorted Antiques.
  2393 | D:3      | Bought a scroll labelled OCWIDO XIRILU for 16 gold pieces
  2393 | D:3      | Bought a scroll labelled WOD VOZALYDE for 16 gold pieces
  2393 | D:3      | Bought a coppery potion for 14 gold pieces
  2494 | D:3      | Found Seapp's Magic Scroll Boutique.
  2499 | D:3      | Bought a scroll of identify for 24 gold pieces
  2499 | D:3      | Bought a scroll of teleportation for 36 gold pieces
  2533 | D:3      | Noticed Jessica
  2539 | D:3      | Killed Jessica
  2540 | D:3      | Reached skill level 6 in Spellcasting
  2540 | D:3      | Reached XP level 5. HP: 29/29 MP: 10/15
  2659 | D:3      | Found a runed translucent door.
  2660 | D:3      | Noticed Crazy Yiuf
  2673 | D:3      | Killed Crazy Yiuf
  2791 | D:3      | Noticed Grinder
  2809 | D:3      | Killed Grinder
  2810 | D:3      | Reached skill level 1 in Fire Magic
  2810 | D:3      | Reached skill level 1 in Air Magic
  2810 | D:3      | Reached skill level 1 in Poison Magic
  2810 | D:3      | Reached XP level 6. HP: 13/34 MP: 7/17
  3134 | D:4      | Noticed Robin
  3172 | D:4      | Reached skill level 7 in Spellcasting
  3179 | D:4      | Killed Robin
  3319 | D:4      | Noticed Duvessa
  3319 | D:4      | Noticed Dowan
  3333 | D:4      | Killed Dowan
  3356 | D:4      | Reached XP level 7. HP: 31/38 MP: 2/19
  3360 | D:4      | Killed Duvessa
  3762 | D:4      | Noticed Natasha
  3935 | D:4      | Killed Natasha
  4223 | D:4      | Noticed Natasha
  4229 | D:4      | Killed Natasha
  4259 | D:4      | Noticed Natasha
  4263 | D:4      | Killed Natasha
  4264 | D:4      | Reached skill level 8 in Spellcasting
  4318 | D:4      | Noticed Blork the orc
  4325 | D:4      | Killed Blork the orc
  4390 | D:4      | Reached skill level 1 in Evocations
  4431 | D:4      | Noticed Sigmund
  4438 | D:4      | Killed Sigmund
  4439 | D:4      | Reached XP level 8. HP: 35/44 MP: 17/22
  4488 | D:4      | Learned a level 5 spell: Irradiate
  4579 | D:4      | Reached skill level 9 in Spellcasting
  4596 | D:4      | Reached skill level 1 in Transmutations
  4709 | D:4      | Found an ancient bone altar of Kikubaaqudgha.
  4933 | D:5      | Entered Level 5 of the Dungeon
  4934 | D:5      | Upgraded the game from 0.31-a0-662-g684573625c to
                  | 0.31-a0-664-g902f515a81
  5048 | D:5      | Reached skill level 5 in Conjurations
  5507 | D:5      | Reached skill level 10 in Spellcasting
  6382 | D:6      | Reached XP level 9. HP: 38/48 MP: 18/25
  6415 | D:6      | Reached skill level 5 in Fire Magic
  7151 | D:7      | Noticed a troll
  7155 | D:7      | Reached skill level 11 in Spellcasting
  7160 | D:7      | Killed a troll
  7619 | D:7      | Learned a level 6 spell: Leda's Unmaking
  7623 | D:7      | Found a staircase to the Ecumenical Temple.
  7641 | Temple   | Entered the Ecumenical Temple
  7652 | Temple   | Became a worshipper of Vehumet
  7696 | D:7      | Found Eminaich's Assorted Antiques.
  7724 | D:7      | Reached skill level 12 in Spellcasting
  7767 | D:7      | Reached skill level 1 in Earth Magic
  7973 | D:7      | Bought a scroll of teleportation for 57 gold pieces
  7973 | D:7      | Bought a white potion for 17 gold pieces
  8031 | D:7      | Found Cuvvocot's General Store.
  8448 | D:3      | Bought a scroll of teleportation for 36 gold pieces
  8448 | D:3      | Bought 2 scrolls of identify for 48 gold pieces
  8448 | D:3      | Bought a scroll of blinking for 90 gold pieces
  8448 | D:3      | Bought a scroll of identify for 24 gold pieces
  8563 | D:8      | Found a transporter.
  8569 | D:8      | Noticed thirtiethelement's ghost (novice DsHu)
  8581 | D:8      | Found a transporter.
  8722 | D:8      | Reached XP level 10. HP: 56/56 MP: 16/28
  8945 | D:8      | Reached skill level 1 in Shields
  9124 | D:8      | Found a shimmering blue altar of Sif Muna.
  9190 | D:8      | Found a burning altar of Makhleb.
  9299 | D:8      | Noticed a moth of wrath
  9370 | D:9      | Found a blossoming altar of Fedhas.
  9478 | D:9      | Found a hide-covered altar of Uskayaw.
  9518 | D:9      | Found an iron altar of Okawaru.
  9631 | D:7      | Bought a scroll of teleportation for 48 gold pieces
 10005 | D:9      | Found Olim's Antique Armour Shoppe.
 10230 | D:9      | Found an opulent altar of Gozag.
 10357 | D:10     | Entered Level 10 of the Dungeon
 10357 | D:10     | Found a broken altar of Ashenzari.
 10484 | D:10     | Reached skill level 13 in Spellcasting
 10653 | D:10     | Found a white marble altar of Elyvilon.
 10701 | D:10     | Reached * piety under Vehumet
 10701 | D:10     | Offered knowledge of Freeze by Vehumet.
 11192 | D:10     | Found a sparkling altar of Nemelex Xobeh.
 11465 | D:10     | Offered knowledge of Sandblast by Vehumet.
 11591 | D:10     | Reached ** piety under Vehumet
 11626 | D:10     | Learned a level 5 spell: Lee's Rapid Deconstruction
 11832 | D:11     | Found a staircase to the Orcish Mines.
 11937 | D:11     | Reached XP level 11. HP: 9/60 MP: 13/30
 12235 | D:11     | Reached skill level 14 in Spellcasting
 12344 | D:11     | Found a staircase to the Lair.
 12350 | D:11     | Noticed a skeletal warrior
 12352 | D:11     | Noticed a skeletal warrior
 12352 | D:11     | Noticed a skeletal warrior
 12353 | D:11     | Noticed a skeletal warrior
 12571 | D:11     | Noticed a wolf spider
 12583 | D:11     | Killed a wolf spider
 13029 | D:11     | Noticed a skeletal warrior
 13033 | D:11     | Killed a skeletal warrior
 13108 | D:11     | Killed a skeletal warrior
 13364 | D:11     | Killed a skeletal warrior
 13365 | D:11     | Reached skill level 5 in Earth Magic
 13478 | D:11     | Killed a skeletal warrior
 13498 | D:11     | Killed a skeletal warrior
 13880 | D:12     | Noticed a two-headed ogre
 13886 | D:12     | Killed a two-headed ogre
 13887 | D:12     | Reached skill level 15 in Spellcasting
 13970 | D:12     | Noticed a boulder beetle
 14007 | D:12     | Noticed a centaur warrior
 14014 | D:12     | Killed a centaur warrior
 14196 | D:12     | Noticed a brown ugly thing
 14208 | D:12     | Killed a red ugly thing
 14630 | D:12     | Noticed a purple ugly thing
 14639 | D:12     | Killed a purple ugly thing
 15302 | D:10     | Offered knowledge of Searing Ray by Vehumet.
 15486 | D:13     | Noticed a white ugly thing
 15489 | D:13     | Killed a white ugly thing
 15637 | Lair:1   | Entered Level 1 of the Lair of Beasts
 15676 | Lair:1   | Reached XP level 12. HP: 55/64 MP: 33/33
 15767 | Lair:1   | Reached *** piety under Vehumet
 15910 | Lair:1   | Reached skill level 16 in Spellcasting
 15984 | Lair:1   | Noticed Maggie
 15991 | Lair:1   | Killed Maggie
 16113 | Lair:1   | Noticed a seven-headed hydra
 16116 | Lair:1   | Killed a seven-headed hydra
 16140 | Lair:1   | Noticed Harold
 16150 | Lair:1   | Killed Harold
 17331 | D:8      | Slain by a wyvern

Illustrated notes

Levels and vault maps discovered:
D:1:      saegor_arrival_simple_e, layout_rooms,
          shapermc_ecumenical_altar_rom_forum, grunt_decor_arrowhead
D:2:      layout_basic, minmay_misc_feat_five
D:3:      layout_loops_ring, serial_shops, shop,
          nicolae_shop_overgrown_old_shop, nicolae_shop_back_alley_shop,
          amcnicky_mini_rare_corridor_liquid, uniq_crazy_yiuf_cottage,
          uniq_grinder, uniq_jessica
D:4:      layout_basic, lemuel_mausoleum_altar_kikubaaqudgha, serial_aquarium,
          aquarium_bridge_square [aquarium_subvault_window,
          aquarium_subvault_bridge, aquarium_subvault_wall,
          aquarium_subvault_wall], aquarium_bridge_square
          [aquarium_subvault_wall, aquarium_subvault_window,
          aquarium_subvault_bridge, aquarium_subvault_bridge],
          aquarium_window_corridor_3, aquarium_window_1, aquarium_window_corner,
          aquarium_view_2d, aquarium_pool_side, uniq_sigmund,
          uniq_blork_the_orc, uniq_robin, uniq_duvessa, uniq_natasha
D:5:      layout_basic
D:6:      layout_basic, skrybe_limestone_x
D:7:      minmay_flawed_box, layout_gridville, temple_statues, serial_shops,
          nicolae_shop_hallway_stairs, nicolae_shop_tiny_statue_garden
D:8:      layout_rooms, mainiacjoe_overflow_alcove_2,
          nicolae_sif_muna_little_library, gammafunk_ghost_berserking_beasts
D:9:      layout_roguey, fedhas_altar_1, mainiacjoe_overflow_large_starburst,
          grunt_gozag_statues, serial_shops, nicolae_shop_tiny_statue_garden,
          nicolae_underground_beach
D:10:     layout_rooms, ashenzari_conservatory_becter,
          nemelex_xobeh_ov_fountains_minmay,
          mainiacjoe_overflow_concentric_impassable, special_room
          [special_room_orc]
D:11:     hellmonk_ruined_rings, layout_stronghold, david_lair_generic,
          orc_0_dummy, minivault_10
D:12:     layout_roguey
D:13:     layout_rooms, grunt_vaults_entry_tiered, uniq_azrael
Temple:   ebering_untended_altars
Lair:1:   layout_cellular_growth, minivault_11, lemuel_fruit_fields,
          infiniplex_staircase_pool, uniq_harold, uniq_maggie

Skill      XL: |  1  2  3  4  5  6  7  8  9 10 11 12 |
---------------+-------------------------------------+-----
Spellcasting   | 5 6 7 8 10 12 13 15 16 | 16.6
Fighting       | 1 2 3 |  3.0
Armour         | 1 2 3 4 |  4.5
Conjurations   | 2 3 4 5 6 8 9 |  9.9
Dodging        | 3 |  3.0
Stealth        | 3 |  3.1
Fire Magic     | 1 2 3 4 6 7 8 9 |  9.3
Air Magic      | 1 2 |  2.1
Poison Magic   | 1 2 |  2.0
Evocations     | 1 |  1.0
Transmutations | 1 |  1.0
Earth Magic    | 1 4 6 7 |  7.0
Shields        | 3 4 |  4.0
Summonings     | |  1.1
Translocations | |  1.1

Action                     |  1- 3 |  4- 6 |  7- 9 | 10-12 || total
---------------------------+-------+-------+-------+-------++-------
  Melee: Dagger            |    17 |    18 |    39 |       ||    74
         Punch             |       |       |     2 |     2 ||     4
         Whip              |       |       |     5 |    64 ||    69
         War axe           |       |       |       |    44 ||    44
  Throw: Dart              |     3 |       |       |       ||     3
   Cast: Magic Dart        |    72 |     8 |     8 |     9 ||    97
         Foxfire           |    35 |    68 |   308 |   336 ||   747
         Mephitic Cloud    |       |     3 |    14 |    42 ||    59
         Lee's Rapid Decon |       |       |       |    50 ||    50
         Blink             |       |       |       |     7 ||     7
         Call Imp          |       |       |       |     4 ||     4
         Leda's Unmaking   |       |       |       |    17 ||    17
    Use: Scroll            |       |       |       |    15 ||    15
   Stab: Confused          |       |     2 |     1 |    13 ||    16
         Sleeping          |       |       |     1 |       ||     1
 Armour: Robe              |    23 |    17 |    50 |       ||    90
         Leather armour    |       |       |     3 |   137 ||   140
         Steam dragon scal |       |       |       |    17 ||    17
  Dodge: Dodged            |    21 |    17 |    59 |   107 ||   204

Table legend: (Time is in decaauts)
 A = Elapsed time spent in this place.
 B = Non-inter-level travel time spent in this place.
 C = Inter-level travel time spent in this place.
 D = Time resting spent in this place.
 E = Time spent auto-exploring this place.
 F = Levels seen in this place.
 G = Mean time per level.
                   A        B        C        D        E       F      G
               +--------+--------+--------+--------+--------+-----+--------+
         Total |  17374 |  16108 |   1266 |    363 |  13115 |  15 | 1158.3 |
       Dungeon |  15735 |  14533 |   1202 |    363 |  11804 |  13 | 1210.4 |
        Temple |     55 |     42 |     13 |      0 |      0 |   1 |   55.0 |
          Lair |   1583 |   1534 |     49 |      0 |   1311 |   1 | 1583.0 |
               +--------+--------+--------+--------+--------+-----+--------+

Top non-repeatable levels by time:
    D:11: 2131 daAuts
     D:4: 1700 daAuts
  Lair:1: 1583 daAuts
    D:10: 1573 daAuts
    D:12: 1414 daAuts
     D:7: 1368 daAuts
     D:6: 1306 daAuts
     D:3: 1264 daAuts
     D:2: 1107 daAuts
     D:9: 1020 daAuts
     D:5: 942 daAuts
     D:1: 915 daAuts
     D:8: 882 daAuts
    D:13: 107 daAuts
  Temple: 55 daAuts
